AoeStats
← Ruzkiller

Arabia

509268698Analyzed
1v1 RM · 6d ago on Sep 26, 2026· 29m 3s· 2 players
Game mode
Random Map
Map size
Tiny (2 player)
Population
200
Speed
Normal
Resources
Standard
Victory
Conquest
Starting age
Dark Age
Ending age
Imperial Age
RankedLock teamsTeams togetherTeam positionsShared explorationLock speedFull tech treeHidden civsTurbo modeCheats
Victory
Defeat
🇹🇼 Tatars · Taiwan
643
+19
🇨🇴 Sicilians · Colombia
700
-19
Panura_131
2:06 Loom
11:41 Feudal Age
13:18 Wheelbarrow
13:01 Horse Collar
14:23 Man-at-Arms
24:33 Arson
27:40 Gold Mining
Ruzkiller
8:06 Loom
10:36 Feudal Age
19:37 Fletching
Connection lost

Rejoining the realm…

Still unreachable

The connection could not be restored.

Session expired

The server has moved on; the page needs a fresh start.